 Dungeon Crawl Stone Soup version 0.20.1-1-g8b1a95d (webtiles) character file.

67 vishdafish the Chopper (level 4, 0/40 HPs)
             Began as a Hill Orc Monk on July 13, 2017.
             Slain by a leopard gecko (2 damage)
             ... on level 2 of the Dungeon.
             The game lasted 00:02:59 (1873 turns).

vishdafish the Chopper (Hill Orc Monk)              Turns: 1873, Time: 00:03:00

Health: 0/40       AC:  5    Str: 14    XL:     4   Next: 18%
Magic:  4/4        EV: 13    Int: 12    God:
Gold:   109        SH:  0    Dex: 13    Spells: 3/3 levels left

rFire    . . .     SeeInvis .   a - +1 hand axe
rCold    . . .     Gourm    .   (no shield)
rNeg     . . .     Faith    .   b - +0 robe
rPois    .         Spirit   .   (no helmet)
rElec    .         Reflect  .   (no cloak)
rCorr    .         Harm     .   i - +1 pair of gloves
MR       .....                  g - +0 pair of boots
Stlth    ++........             (no amulet)
Regen    0.2/turn               (no ring)
MPRegen  0.1/turn               (no ring)

@: lethally poisoned (0 -> -1)
A: talons 1, clever 1
a: no special abilities


You were on level 2 of the Dungeon.
You were not hungry.

You visited 1 branch of the dungeon, and saw 3 of its levels.

You collected 109 gold pieces.

Inventory:

Hand Weapons
 a - a +1 hand axe (weapon)
Armour
 b - a +0 robe (worn)
 g - a +0 pair of boots (worn)
 i - a +1 pair of gloves (worn)
 l - a +0 pair of gloves
Jewellery
 f - a cursed ring of loudness {unknown}
Scrolls
 d - 4 scrolls of identify {unknown}
 e - a scroll of teleportation
 h - a scroll of enchant weapon
 k - a scroll of immolation {unknown}
 m - a scroll of remove curse {unknown}
Potions
 j - a potion of lignification
 n - a potion of haste {unknown}
Comestibles
 c - a bread ration
 o - a meat ration


   Skills:
 + Level 4.2 Fighting
 + Level 5.4 Axes
 + Level 2.7 Dodging
 + Level 1.9 Stealth


You had 3 spell levels left.
You didn't know any spells.

Dungeon Overview and Level Annotations

Branches:
Dungeon (3/15)

Altars:

Annotations:
D:2 Natasha


Innate Abilities, Weirdness & Mutations

You have sharp toenails.
Your mind is acute. (Int +2)


Message History

You kill the adder!
You miss the leopard gecko. The leopard gecko barely misses you.
Natasha mumbles some strange words.
The leopard gecko closely misses you.
You feel sick.
The white imp shouts!
Things that are here:
a short sword of venom; a kobold corpse The white imp gestures at you.
The puff of frost hits you!
* * * LOW HITPOINT WARNING * * *
You feel sick. The leopard gecko barely misses you.
The white imp gestures at you. The puff of frost hits you!
* * * LOW HITPOINT WARNING * * *
The white imp grinds its teeth.
There is a stone staircase leading down here.
You see here a stone.
The leopard gecko bites you.
You die...

. #..†..#.##......# .
......##.#.#.##......#
.#... #.#.#.##......# #..
#.#...###'#####
#h...##.##..# #.#
####....##....)# #.#
#..........#5.h# #.#
#..........#.#l###.#
++..............@##'######
..............###.((.....#
.......÷......# #........#
..............# #..(.....#
......÷.......# #........#
.....wS.......# #.......[#
..............# #..(.....#
.....######...# #........#
..... #.### #........#


You could see Natasha, a white imp and a leopard gecko.

Vanquished Creatures
  2 adders
  2 dart slugs
  2 leopard geckos
  2 orcs (D:3)
  6 hobgoblins
  2 jackals (D:3)
  5 bats
  10 kobolds
  10 rats
41 creatures vanquished.

Notes
Turn   | Place    | Note
-------+----------+-------------------------------------------
     0 | D:1      | vishdafish the Hill Orc Monk began the quest for the Orb.
     0 | D:1      | Reached XP level 1. HP: 19/19 MP: 1/1
   220 | D:1      | Reached XP level 2. HP: 22/27 MP: 2/2
   747 | D:2      | Noticed Natasha
   757 | D:2      | Noticed a crimson imp
   761 | D:2      | HP: 2/40 [rat (1)]
   762 | D:2      | Gained mutation: You have sharp toenails. [potion of mutation]
   762 | D:2      | Gained mutation: Your mind is acute. (Int +2) [potion of mutation]
   766 | D:2      | Reached XP level 3. HP: 10/33 MP: 3/3
   882 | D:3      | Found a faded altar of an unknown god.
  1185 | D:3      | Reached skill level 5 in Axes
  1828 | D:3      | Reached XP level 4. HP: 40/40 MP: 4/4
  1871 | D:2      | HP: 1/40 [white imp/puff of frost[Natasha] (6)]
  1873 | D:2      | Slain by a leopard gecko

Skill      XL: |  1  2  3 |
---------------+----------+-----
Fighting       | 4 |  4.2
Axes           | 5 |  5.4
Dodging        | |  2.7
Stealth        | |  1.9

Action                   |  1- 3 |  4- 6 || total
-------------------------+-------+-------++-------
Melee: Hand axe          |   112 |    13 ||   125
       Kick              |     1 |       ||     1
  Use: Potion            |     5 |       ||     5
       Scroll            |     2 |       ||     2
 Stab: Sleeping          |     4 |       ||     4
  Eat: Chunk             |     1 |       ||     1
       Bread ration      |       |     1 ||     1
Armor: Robe              |    28 |     5 ||    33
       Skin              |     7 |       ||     7
Dodge: Dodged            |    91 |     9 ||   100
